 Dungeon Crawl Stone Soup version 0.27-a0-1139-g28e009f8a6 (webtiles) character file.

Game seed: 16768637951726267358

60 Froggeryz the Skirmisher (level 3, 0/34 HPs)
             Began as a Draconian Wanderer on May 7, 2021.
             Slain by a gnoll
             ... wielding a +0 flail
              (6 damage)
             ... on level 3 of the Dungeon.
             The game lasted 00:02:17 (1881 turns).

Froggeryz the Skirmisher (Draconian Wanderer)       Turns: 1881, Time: 00:02:18

Health: 0/34       AC:  5    Str: 16    XL:     3   Next: 80%
Magic:  3/3        EV: 11    Int: 11    God:
Gold:   64         SH:  0    Dex: 10    Spells: 2/2 levels left

rFire    . . .     SeeInvis .   g - +0 dagger (venom)
rCold    . . .     Faith    .   (no shield)
rNeg     . . .     Spirit   .   (armour unavailable)
rPois    .         Reflect  .   (helmet restricted)
rElec    .         Harm     .   (no cloak)
rCorr    .         Rampage  .   (no gloves)
Will     .....                  (no boots)
Stlth    +.........             (no amulet)
HPRegen  0.11/turn              (no ring)
MPRegen  0.08/turn              (no ring)

@: no status effects
A: AC +5, unfitting armour, cold-blooded
a: no special abilities


You were on level 3 of the Dungeon.
You visited 1 branch of the dungeon, and saw 3 of its levels.

You collected 64 gold pieces.

Inventory:

Hand Weapons
 a - a +2 short sword of freezing
 g - a +0 dagger of venom (weapon)
 i - a +2 whip of draining
Scrolls
 e - a scroll of blinking
 j - a scroll of identify {unknown}
Potions
 b - a potion of lignification
 c - a potion of heal wounds {unknown}
 d - a potion of berserk rage {unknown}
 f - a potion of haste {unknown}
 h - a potion of curing {unknown}


   Skills:
 - Level 4.3 Fighting
 - Level 2.0 Short Blades
 - Level 1.0 Maces & Flails
 - Level 1.0 Throwing
 - Level 1.0 Dodging
 * Level 3.5 Unarmed Combat
 - Level 1.0 Evocations


You had 2 spell levels left.
You didn't know any spells.
Your spell library contained the following spells:

 Spells                   Type           Power      Damage    Failure   Level
 Corona                   Hex            0%         N/A       34%         1
 Ensorcelled Hibernation  Hex/Ice        0%         N/A       47%         2
 Confusing Touch          Hex            0%         N/A       71%         3
 Dazzling Flash           Conj/Hex       0%         N/A       71%         3
 Tukima's Dance           Hex            0%         N/A       71%         3


Dungeon Overview and Level Annotations

Branches:
Dungeon (3/15)

Altars:


Innate Abilities, Weirdness & Mutations

Your plain brown scales are hard. (AC +5)
You cannot fit into any form of body armour.
You are cold-blooded and may be slowed by cold attacks.


Message History

The gnoll hits you with a +0 flail!
Your life force feels restored.
Your Unarmed Combat skill increases to level 3!
You have reached level 3!
Your experience leads to an increase in your attributes!
Increase (S)trength, (I)ntelligence, or (D)exterity?
You feel stronger.
Your scales feel tougher.
The gnoll hits you with a +0 flail.
* * * LOW HITPOINT WARNING * * *
Found a whip.
Found a stone staircase leading down.
You kill the gnoll!
You start resting.
A gnoll comes into view. It is wielding a +0 whip.
You start resting.
A gnoll comes into view. It is wielding a +0 spear.
Found a scroll labelled OGANYU VOGASI.
You start resting.
A gnoll shaman comes into view. It is wielding a +0 whip.
You start resting.
A gnoll shaman is nearby!
You start resting.
A gnoll shaman is nearby!
The gnoll shaman shouts!
You hear a shout!
A gnoll comes into view. It is wielding a +0 flail.
You hear a shout!
The gnoll shouts!
You hear a shout!
You hit the gnoll shaman but do no damage.
The gnoll shaman is poisoned.
The gnoll shaman hits you with a +0 whip!
You hit the gnoll shaman but do no damage.
The gnoll shaman looks as sick as possible!
You tail-slap the gnoll shaman, but do no damage.
The gnoll shaman hits you with a +0 whip!
* * * LOW HITPOINT WARNING * * *
A gnoll comes into view. It is wielding a +0 spear.
You see here a scroll labelled OGANYU VOGASI.
The gnoll shaman calls upon its god to speed up the gnoll.
The gnoll seems to speed up.
The gnoll hits you with a +0 flail.
You die...

..##................#.#...#
.........###........#.#...#
.........# #†.......#.#...#
#........# #........#.#...#
#........# #.........)...##
#........# ########+##...#
#.....$.g# #............#
#...$....####..g......#..#
#..........@g.gg?g......>...
#.....................#.....
####......###########.).
#......# ... #......# ...
########


You could see a gnoll shaman (very poisoned) and 4 gnolls.

Vanquished Creatures
  Natasha (D:3)
  A gnoll (D:3)
  A worm (D:3)
  A bat (D:1)
  An endoplasm (D:3)
  2 giant cockroaches (D:1)
  A goblin (D:1)
  A hobgoblin (D:3)
  5 kobolds
  2 quokkas (D:1)
  4 ball pythons
  A frilled lizard (D:2)
  2 rats
23 creatures vanquished.

Notes
Turn   | Place    | Note
-------+----------+-------------------------------------------
     0 | D:1      | Froggeryz the Draconian Wanderer began the quest for the
                  | Orb.
     0 | D:1      | Froggeryz set off with the following items: a +2 short
                  | sword, a potion of lignification, a +0 mace
     0 | D:1      | Reached XP level 1. HP: 22/22 MP: 1/1
    14 | D:1      | Found a faded altar of an unknown god.
    99 | D:1      | Reached skill level 1 in Unarmed Combat
   506 | D:1      | Reached XP level 2. HP: 22/28 MP: 2/2
  1700 | D:3      | Noticed Natasha
  1718 | D:3      | Killed Natasha
  1719 | D:3      | Reached XP level 3. HP: 14/34 MP: 3/3
  1881 | D:3      | Slain by a gnoll

Illustrated notes

Levels and vault maps discovered:
D:1:      minmay_arrival_open_corners, layout_basic,
          ebering_ecumenical_altar_mist, grunt_decor_fettered
D:2:      layout_rooms
D:3:      layout_basic, nicolae_qazlal_general_emergency, doesnt_xom_only_xom,
          amcnicky_altar_lugonu_corruption, uniq_natasha

Skill      XL: |  1  2 |
---------------+-------+-----
Unarmed Combat | 1 3 |  3.5
Fighting       | |  4.3
Short Blades   | |  2.0
Maces & Flails | |  1.0
Throwing       | |  1.0
Dodging        | |  1.0
Evocations     | |  1.0

Action                   || total
-------------------------++-------
Melee: Short sword       ||    20
       Tailslap          ||     8
       Dagger            ||    40
  Use: Scroll            ||     3
Armor: Skin              ||     9
Dodge: Dodged            ||    32

Table legend: (Time is in decaauts)
 A = Elapsed time spent in this place.
 B = Non-inter-level travel time spent in this place.
 C = Inter-level travel time spent in this place.
 D = Time resting spent in this place.
 E = Time spent auto-exploring this place.
 F = Levels seen in this place.
 G = Mean time per level.
                   A        B        C        D        E       F      G
               +--------+--------+--------+--------+--------+-----+--------+
         Total |   1879 |   1810 |     69 |    346 |   1279 |   3 |  626.3 |
       Dungeon |   1879 |   1810 |     69 |    346 |   1279 |   3 |  626.3 |
               +--------+--------+--------+--------+--------+-----+--------+

Top non-repeatable levels by time:
     D:1: 1060 daAuts
     D:3: 446 daAuts
     D:2: 372 daAuts
